 Dungeon Crawl Stone Soup version 0.17.0-73-gb648821 (webtiles) character file.

53 MirrMurr the Sneak (level 3, -1/16 HPs)
             Began as a Spriggan Enchanter on Dec 8, 2015.
             Hit by a tomahawk thrown by an orc (3 damage)
             ... on level 3 of the Dungeon.
             The game lasted 00:04:10 (1862 turns).

MirrMurr the Sneak (Spriggan Enchanter)             Turns: 1862, Time: 00:04:10

Health: -1/16      AC:  4    Str:  4    XL:     3   Next: 64%
Magic:  8/8        EV: 18    Int: 17    God:
Gold:   81         SH:  0    Dex: 16    Spells: 3 memorised, 1 level left

rFire  . . .     SeeInvis +     a - +1 dagger
rCold  . . .     Clarity  .     b - +2 robe
rNeg   . . .     SustAt   .     (shield restricted)
rPois  .         Gourm    .     (helmet restricted)
rElec  .         Spirit   .     (no cloak)
rCorr  .         Warding  .     (gloves unavailable)
rMut   .         Stasis   .     (boots unavailable)
MR     .....                    (no amulet)
Stlth  ++++......               (no ring)
                                (no ring)

@: very quick, not resistant to hostile enchantments, stealthy
A: unfitting armour, see invisible, herbivore 3, speed 3, slow metabolism 2
a: no special abilities


You were on level 3 of the Dungeon.
You were not hungry.

You visited 1 branch of the dungeon, and saw 3 of its levels.

You collected 81 gold pieces.

Inventory:

Hand Weapons
 a - a +1 dagger (weapon)
Missiles
 e - 78 stones (quivered)
 g - 15 poisoned needles
Armour
 b - a +2 robe (worn)
Scrolls
 h - 2 scrolls of remove curse
 i - a scroll of enchant armour
Potions
 f - a potion of brilliance
 j - a potion of cure mutation
 k - a potion of flight
 l - a potion of heal wounds {unknown}
 m - a potion of agility {unknown}
 o - a potion of curing {unknown}
Books
 c - a book of Maledictions

   Spells                             Type                      Level
   a - Corona                         Hexes                        1
   b - Ensorcelled Hibernation        Hexes/Ice                    2
   c - Confuse                        Hexes                        3
   d - Tukima's Dance                 Hexes                        3
   e - Dazzling Spray                 Conjuration/Hexes            3
Comestibles
 d - a bread ration
 n - a royal jelly


   Skills:
 - Level 1.1 Short Blades
 - Level 3.0 Dodging
 * Level 7.2 Stealth
 + Level 2.6 Spellcasting
 - Level 3.6 Hexes


You had one spell level left.
You knew the following spells:

 Your Spells              Type           Power        Failure   Level  Hunger
a - Ensorcelled Hibernat  Hex/Ice        #.....       17%         2    ##.....
b - Confuse               Hex            ##......     14%         3    ###....
c - Corona                Hex            ##.....      4%          1    #......


Dungeon Overview and Level Annotations

Branches:
Dungeon (3/15)

Altars:
Okawaru

Annotations:
D:3 Jessica


Innate Abilities, Weirdness & Mutations

You are tiny and cannot use many weapons and most armour.
You have supernaturally acute eyesight.
You are a herbivore.
You cover ground extremely quickly.
You need consume almost no food.


Message History

The orc misses you.
You hit the orc.
You kill the orc!
No target in view!
No target in view!
You start resting.
HP restored.
You start waiting.
Done waiting.
You see here an adder skeleton.
There is a stone staircase leading down here.
You climb downwards.
Level annotation: Jessica An ooze and a jelly come into view.
The jelly hits you.
You are splashed with acid!
The acid burns!
Ouch! That really hurt!
Jessica hits you with an enchanted club.
* * * LOW HITPOINT WARNING * * *
The orc throws a tomahawk.
The tomahawk hits you.
You die...

..#####...(
#.........#
#.........#
#....>....## #
#..........##..
#.........(...#
#...........## .# ..
.%.....@..#..##.#...
......@J..##h...#..
........<.........
.#####.#.#ho....# #.
.#...... .. #.
.##...##....
#.#o#..o.J.....
..#..oll#######
....#..##


You could see a hound, a jelly, an ooze (wandering), Jessica, 3 orcs and a giant
gecko.

Vanquished Creatures
  3 adders (D:2)
  An orc (D:2)
  5 bats
  A giant cockroach (D:2)
  2 hobgoblins (D:2)
  4 jackals (D:2)
  A giant newt (D:2)
  4 goblins
  4 kobolds (D:1)
  6 rats
31 creatures vanquished.

Notes
Turn   | Place    | Note
--------------------------------------------------------------
     0 | D:1      | MirrMurr the Spriggan Enchanter began the quest for the Orb.
     0 | D:1      | Reached XP level 1. HP: 9/9 MP: 5/5
   205 | D:1      | Found an iron altar of Okawaru.
   281 | D:1      | Reached skill level 5 in Stealth
   506 | D:1      | Reached XP level 2. HP: 13/13 MP: 6/6
   510 | D:1      | Learned a level 2 spell: Ensorcelled Hibernation
   780 | D:2      | Reached skill level 6 in Stealth
  1115 | D:2      | Reached XP level 3. HP: 13/16 MP: 8/8
  1129 | D:2      | Learned a level 3 spell: Confuse
  1475 | D:2      | Reached skill level 7 in Stealth
  1680 | D:3      | Noticed Jessica
  1862 | D:3      | Hit by a tomahawk thrown by an orc

Action                   || total
-------------------------++-------
Melee: Dagger            ||    99
 Cast: Confuse           ||     1
       Ensorcelled Hiber ||     1
  Use: Scroll            ||    11
 Stab: Sleeping          ||    14
       Distracted        ||     1
       Confused          ||     1
